Workbook

Sheet Retail prices
B1: Retail prices in current francs
A2: Year | B2: Millet | C2: Processed millet | D2: Rice | E2: Cloth | F2: Peanut oil | G2: Fish | H2: Charcoal | I2: Beef | J2: Sugar | K2: Soap | L2: Petrol | M2: Room | O2: Grain cost | P2: Meat cost | Q2: All other | R2: Basket cost | S2: Rent | U2: Family basket | X2: Inflation
B3: Kg | C3: Kg | D3: Kg | E3: Metres | F3: Litres | G3: Kg | H3: Kg | I3: Kg | J3: Kg | K3: Kg | L3: Litres | U3: Actual rents | V3: Allen rents | X3: CPI, 1914 = 100 | Y3: Inflation rate
A4: 1914 | B4: 0.4 | C4: =B4+(0.08*'Nominal wages'!D3/320) -> 0.51866438 | D4: 0.5 | E4: 0.4 | F4: 1.1140065 | G4: 0.5 | H4: 0.032685546 | I4: 2 | J4: 0.65 | K4: 0.8 | L4: 0.3504662 | M4: 12.5 | O4: =MIN(C4*222,D4*184) -> 92 | P4: =MIN(G4,I4)*3 -> 1.5 | Q4: =(3*F4+3*E4+2*J4+1.3*K4+1.3*L4+58*H4)*1.075 -> 9.9258913 | R4: =SUM(O4:Q4) -> 103.42589 | S4: =M4*12 -> 150 | U4: =R4*3+S4 -> 460.27767 | V4: =R4*3.15 -> 325.79156 | X4: =U4/U$4*100 -> 100
A5: 1915 | B5: 0.35875 | C5: =B5+(0.08*'Nominal wages'!D4/320) -> 0.47741438 | D5: 0.4514 | E5: 0.45 | F5: 0.83064108 | G5: 0.48 | H5: 0.047172184 | I5: 2 | J5: 0.56 | K5: 1.4 | L5: 0.52756242 | M5: 15 | O5: =MIN(C5*222,D5*184) -> 83.0576 | P5: =MIN(G5,I5)*3 -> 1.44 | Q5: =(3*F5+3*E5+2*J5+1.3*K5+1.3*L5+58*H5)*1.075 -> 10.969022 | R5: =SUM(O5:Q5) -> 95.466622 | S5: =M5*12 -> 180 | U5: =R5*3+S5 -> 466.39986 | V5: =R5*3.15 -> 300.71986 | X5: =U5/U$4*100 -> 101.33011 | Y5: =(X5-X4)/X4 -> 0.013301082
A6: 1916 | B6: 0.30875 | C6: =B6+(0.08*'Nominal wages'!D5/320) -> 0.42741438 | D6: 0.671 | E6: 0.5 | F6: 1.0093621 | G6: 0.46 | H6: 0.081851655 | I6: 3 | J6: 0.995 | K6: 1.1778999 | L6: 0.4989007 | M6: 20 | O6: =MIN(C6*222,D6*184) -> 94.885993 | P6: =MIN(G6,I6)*3 -> 1.38 | Q6: =(3*F6+3*E6+2*J6+1.3*K6+1.3*L6+58*H6)*1.075 -> 14.453722 | R6: =SUM(O6:Q6) -> 110.71972 | S6: =M6*12 -> 240 | U6: =R6*3+S6 -> 572.15915 | V6: =R6*3.15 -> 348.7671 | X6: =U6/U$4*100 -> 124.30739 | Y6: =(X6-X5)/X5 -> 0.22675667
A7: 1917 | B7: 0.275 | C7: =B7+(0.08*'Nominal wages'!D6/320) -> 0.39366438 | D7: 1.22 | E7: 0.9 | F7: 1.3414433 | G7: 0.44 | H7: 0.10484107 | I7: 4 | J7: 1.43 | K7: 1.6321175 | L7: 0.67659018 | M7: 25 | O7: =MIN(C7*222,D7*184) -> 87.393493 | P7: =MIN(G7,I7)*3 -> 1.32 | Q7: =(3*F7+3*E7+2*J7+1.3*K7+1.3*L7+58*H7)*1.075 -> 20.066414 | R7: =SUM(O7:Q7) -> 108.77991 | S7: =M7*12 -> 300 | U7: =R7*3+S7 -> 626.33972 | V7: =R7*3.15 -> 342.65671 | X7: =U7/U$4*100 -> 136.07867 | Y7: =(X7-X6)/X6 -> 0.094694939
A8: 1918 | B8: 0.75 | C8: =B8+(0.08*'Nominal wages'!D7/320) -> 0.86866438 | D8: 1.235 | E8: 1.3 | F8: 1.401784 | G8: =AVERAGE(G7,G9) -> 0.62 | H8: 0.12448348 | I8: 5 | J8: 2.405 | K8: 3.9641923 | L8: 1.3030544 | M8: 30 | O8: =MIN(C8*222,D8*184) -> 192.84349 | P8: =MIN(G8,I8)*3 -> 1.86 | Q8: =(3*F8+3*E8+2*J8+1.3*K8+1.3*L8+58*H8)*1.075 -> 29.006525 | R8: =SUM(O8:Q8) -> 223.71002 | S8: =M8*12 -> 360 | U8: =R8*3+S8 -> 1031.1301 | V8: =R8*3.15 -> 704.68656 | X8: =U8/U$4*100 -> 224.02348 | Y8: =(X8-X7)/X7 -> 0.6462792
A9: 1919 | B9: 0.5 | C9: =B9+(0.08*'Nominal wages'!D8/320) -> 0.63844178 | D9: 1.25 | E9: 1.7 | F9: 1.704051 | G9: 0.8 | H9: 0.11677818 | I9: 5.5 | J9: 3.38 | K9: 3.1 | L9: 0.87803018 | M9: 30 | O9: =MIN(C9*222,D9*184) -> 141.73408 | P9: =MIN(G9,I9)*3 -> 2.4 | Q9: =(3*F9+3*E9+2*J9+1.3*K9+1.3*L9+58*H9)*1.075 -> 31.085481 | R9: =SUM(O9:Q9) -> 175.21956 | S9: =M9*12 -> 360 | U9: =R9*3+S9 -> 885.65867 | V9: =R9*3.15 -> 551.9416 | X9: =U9/U$4*100 -> 192.41834 | Y9: =(X9-X8)/X8 -> -0.14107957
A10: 1920 | B10: 0.8 | C10: =B10+(0.08*'Nominal wages'!D9/320) -> 0.95821918 | D10: 1.75 | E10: 2.1 | F10: 4.4251932 | G10: 1 | H10: 0.14863399 | I10: 7 | J10: 3.67 | K10: 3.38 | L10: 2.3665957 | M10: 40 | O10: =MIN(C10*222,D10*184) -> 212.72466 | P10: =MIN(G10,I10)*3 -> 3 | Q10: =(3*F10+3*E10+2*J10+1.3*K10+1.3*L10+58*H10)*1.075 -> 46.232445 | R10: =SUM(O10:Q10) -> 261.9571 | S10: =M10*12 -> 480 | U10: =R10*3+S10 -> 1265.8713 | V10: =R10*3.15 -> 825.16487 | X10: =U10/U$4*100 -> 275.0234 | Y10: =(X10-X9)/X9 -> 0.42929929
A11: 1921 | B11: 0.85 | C11: =B11+(0.08*'Nominal wages'!D10/320) -> 1.0873288 | D11: 1.25 | E11: 2.5 | F11: 2.4110093 | G11: 1.5 | H11: 0.27263299 | I11: 6 | J11: 3.35 | K11: 3.5 | L11: 1.0443761 | M11: 50 | O11: =MIN(C11*222,D11*184) -> 230 | P11: =MIN(G11,I11)*3 -> 4.5 | Q11: =(3*F11+3*E11+2*J11+1.3*K11+1.3*L11+58*H11)*1.075 -> 46.389938 | R11: =SUM(O11:Q11) -> 280.88994 | S11: =M11*12 -> 600 | U11: =R11*3+S11 -> 1442.6698 | V11: =R11*3.15 -> 884.8033 | X11: =U11/U$4*100 -> 313.43467 | Y11: =(X11-X10)/X10 -> 0.13966547
A12: 1922 | B12: 0.65 | C12: =B12+(0.08*'Nominal wages'!D11/320) -> 0.90265625 | D12: 1.5 | E12: 4 | F12: 2.3440493 | G12: 2.25 | H12: 0.069478502 | I12: 6 | J12: 3.2 | K12: 2.6 | L12: 1.1752142 | M12: 75 | O12: =MIN(C12*222,D12*184) -> 200.38969 | P12: =MIN(G12,I12)*3 -> 6.75 | Q12: =(3*F12+3*E12+2*J12+1.3*K12+1.3*L12+58*H12)*1.075 -> 36.947405 | R12: =SUM(O12:Q12) -> 244.08709 | S12: =M12*12 -> 900 | U12: =R12*3+S12 -> 1632.2613 | V12: =R12*3.15 -> 768.87434 | X12: =U12/U$4*100 -> 354.62534 | Y12: =(X12-X11)/X11 -> 0.13141709
A13: 1923 | B13: 0.8 | C13: =B13+(0.08*'Nominal wages'!D12/320) -> 1.0525574 | D13: 1.25 | E13: 3 | F13: 3.5771838 | G13: 1.5 | H13: 0.11450006 | I13: 6 | J13: 4.35 | K13: 2.5 | L13: 1.0284378 | M13: 75 | O13: =MIN(C13*222,D13*184) -> 230 | P13: =MIN(G13,I13)*3 -> 4.5 | Q13: =(3*F13+3*E13+2*J13+1.3*K13+1.3*L13+58*H13)*1.075 -> 42.633989 | R13: =SUM(O13:Q13) -> 277.13399 | S13: =M13*12 -> 900 | U13: =R13*3+S13 -> 1731.402 | V13: =R13*3.15 -> 872.97206 | X13: =U13/U$4*100 -> 376.16466 | Y13: =(X13-X12)/X12 -> 0.060738246
A14: 1924 | B14: 1.1 | C14: =B14+(0.08*'Nominal wages'!D13/320) -> 1.3547329 | D14: 1.6 | E14: 2.5 | F14: 4.5072905 | G14: 2 | H14: 0.15 | I14: 7 | J14: 4.5 | K14: 3.965224 | L14: 0.78002225 | M14: 75 | O14: =MIN(C14*222,D14*184) -> 294.4 | P14: =MIN(G14,I14)*3 -> 6 | Q14: =(3*F14+3*E14+2*J14+1.3*K14+1.3*L14+58*H14)*1.075 -> 48.257493 | R14: =SUM(O14:Q14) -> 348.65749 | S14: =M14*12 -> 900 | U14: =R14*3+S14 -> 1945.9725 | V14: =R14*3.15 -> 1098.2711 | X14: =U14/U$4*100 -> 422.78229 | Y14: =(X14-X13)/X13 -> 0.12392877
A15: 1925 | B15: 1 | C15: =B15+(0.08*'Nominal wages'!D14/320) -> 1.28875 | D15: 1.8 | E15: 3.5 | F15: 4.9955612 | G15: 2.5 | H15: 0.15766302 | I15: 7 | J15: 4.2 | K15: 3.2939993 | L15: 1.8286345 | M15: 75 | O15: =MIN(C15*222,D15*184) -> 286.1025 | P15: =MIN(G15,I15)*3 -> 7.5 | Q15: =(3*F15+3*E15+2*J15+1.3*K15+1.3*L15+58*H15)*1.075 -> 53.417355 | R15: =SUM(O15:Q15) -> 347.01986 | S15: =M15*12 -> 900 | U15: =R15*3+S15 -> 1941.0596 | V15: =R15*3.15 -> 1093.1125 | X15: =U15/U$4*100 -> 421.71491 | Y15: =(X15-X14)/X14 -> -0.0025246577
A16: 1926 | B16: 1.21 | C16: =B16+(0.08*'Nominal wages'!D15/320) -> 1.49875 | D16: 2.135 | E16: 4 | F16: 6.8454017 | G16: 2.8928571 | H16: 0.18018121 | I16: 7.3888889 | J16: 3.1 | K16: 5.4819997 | L16: 3.1638448 | M16: 70.34 | O16: =MIN(C16*222,D16*184) -> 332.7225 | P16: =MIN(G16,I16)*3 -> 8.6785714 | Q16: =(3*F16+3*E16+2*J16+1.3*K16+1.3*L16+58*H16)*1.075 -> 64.958286 | R16: =SUM(O16:Q16) -> 406.35936 | S16: =M16*12 -> 844.08 | U16: =R16*3+S16 -> 2063.1581 | V16: =R16*3.15 -> 1280.032 | X16: =U16/U$4*100 -> 448.24205 | Y16: =(X16-X15)/X15 -> 0.06290302
A17: 1927 | B17: 1.92788 | C17: =B17+(0.08*'Nominal wages'!D16/320) -> 2.361005 | D17: 1.9765636 | E17: 4 | F17: 6.7988851 | G17: 3.2857143 | H17: 0.2162856 | I17: 7.7777778 | J17: 4.5 | K17: 7.67 | L17: 3.8969908 | M17: 65.34 | O17: =MIN(C17*222,D17*184) -> 363.68771 | P17: =MIN(G17,I17)*3 -> 9.8571429 | Q17: =(3*F17+3*E17+2*J17+1.3*K17+1.3*L17+58*H17)*1.075 -> 74.151681 | R17: =SUM(O17:Q17) -> 447.69653 | S17: =M17*12 -> 784.08 | U17: =R17*3+S17 -> 2127.1696 | V17: =R17*3.15 -> 1410.2441 | X17: =U17/U$4*100 -> 462.1492 | Y17: =(X17-X16)/X16 -> 0.031025991
A18: 1928 | B18: 1.88 | C18: =B18+(0.08*'Nominal wages'!D17/320) -> 2.3505043 | D18: 1.81 | E18: 3.799062 | F18: 6.4174593 | G18: 3.598 | H18: 0.29830641 | I18: 7 | J18: 4.583 | K18: 8.2 | L18: 2.1881706 | M18: 61 | O18: =MIN(C18*222,D18*184) -> 333.04 | P18: =MIN(G18,I18)*3 -> 10.794 | Q18: =(3*F18+3*E18+2*J18+1.3*K18+1.3*L18+58*H18)*1.075 -> 75.918604 | R18: =SUM(O18:Q18) -> 419.7526 | S18: =M18*12 -> 732 | U18: =R18*3+S18 -> 1991.2578 | V18: =R18*3.15 -> 1322.2207 | X18: =U18/U$4*100 -> 432.62099 | Y18: =(X18-X17)/X17 -> -0.063893253
A19: 1929 | B19: 1.125 | C19: =B19+(0.08*'Nominal wages'!D18/320) -> 1.6664063 | D19: 1.75 | E19: 3.5981241 | F19: 6.1000004 | G19: 4 | H19: 0.21284943 | I19: 10 | J19: 3.83 | K19: 6.25 | L19: 1.861529 | M19: 76 | O19: =MIN(C19*222,D19*184) -> 322 | P19: =MIN(G19,I19)*3 -> 12 | Q19: =(3*F19+3*E19+2*J19+1.3*K19+1.3*L19+58*H19)*1.075 -> 64.117975 | R19: =SUM(O19:Q19) -> 398.11798 | S19: =M19*12 -> 912 | U19: =R19*3+S19 -> 2106.3539 | V19: =R19*3.15 -> 1254.0716 | X19: =U19/U$4*100 -> 457.62679 | Y19: =(X19-X18)/X18 -> 0.057800708
A20: 1930 | B20: 1.0625 | C20: =B20+(0.08*'Nominal wages'!D19/320) -> 1.6038953 | D20: 1.815 | E20: 4.7 | F20: 6.69 | G20: 3.5 | H20: 0.28142471 | I20: 10 | J20: 2.486 | K20: 4.88 | L20: 2.375 | M20: 76 | O20: =MIN(C20*222,D20*184) -> 333.96 | P20: =MIN(G20,I20)*3 -> 10.5 | Q20: =(3*F20+3*E20+2*J20+1.3*K20+1.3*L20+58*H20)*1.075 -> 69.763343 | R20: =SUM(O20:Q20) -> 414.22334 | S20: =M20*12 -> 912 | U20: =R20*3+S20 -> 2154.67 | V20: =R20*3.15 -> 1304.8035 | X20: =U20/U$4*100 -> 468.12395 | Y20: =(X20-X19)/X19 -> 0.022938265
... A32: 1942 | B32: 2.75 | C32: =B32+(0.08*'Nominal wages'!D31/320) -> 3.554 | D32: 4.5 | E32: 4.75 | F32: 10 | G32: 8 | H32: 1.25 | I32: 15 | J32: 10 | K32: 6.5 | L32: 5.35 | M32: 103 | O32: =MIN(C32*222,D32*184) -> 788.988 | P32: =MIN(G32,I32)*3 -> 24 | Q32: =(3*F32+3*E32+2*J32+1.3*K32+1.3*L32+58*H32)*1.075 -> 163.56662 | R32: =SUM(O32:Q32) -> 976.55462 | S32: =M32*12 -> 1236 | U32: =R32*3+S32 -> 4165.6639 | V32: =R32*3.15 -> 3076.1471 | X32: =U32/U$4*100 -> 905.03279 | Y32: =(X32-X31)/X31 -> 0.26507969
A33: 1943 | B33: 3 | C33: =B33+(0.08*'Nominal wages'!D32/320) -> 3.888 | D33: 10 | E33: 6 | F33: 12 | G33: 10 | H33: 2 | I33: 18 | J33: 10 | K33: 7.5 | L33: 5.35 | M33: =AVERAGE(M32,M34) -> 151.5 | O33: =MIN(C33*222,D33*184) -> 863.136 | P33: =MIN(G33,I33)*3 -> 30 | Q33: =(3*F33+3*E33+2*J33+1.3*K33+1.3*L33+58*H33)*1.075 -> 222.20787 | R33: =SUM(O33:Q33) -> 1115.3439 | S33: =M33*12 -> 1818 | U33: =R33*3+S33 -> 5164.0316 | V33: =R33*3.15 -> 3513.3332 | X33: =U33/U$4*100 -> 1121.9383 | Y33: =(X33-X32)/X32 -> 0.23966594
A34: 1944 | B34: 5 | C34: =B34+(0.08*'Nominal wages'!D33/320) -> 5.9 | D34: 15 | E34: 11 | F34: 15 | G34: 12.5 | H34: 2.7 | I34: 20 | J34: 10 | K34: 10 | L34: 5.6 | M34: 200 | O34: =MIN(C34*222,D34*184) -> 1309.8 | P34: =MIN(G34,I34)*3 -> 37.5 | Q34: =(3*F34+3*E34+2*J34+1.3*K34+1.3*L34+58*H34)*1.075 -> 295.496 | R34: =SUM(O34:Q34) -> 1642.796 | S34: =M34*12 -> 2400 | U34: =R34*3+S34 -> 7328.388 | V34: =R34*3.15 -> 5174.8074 | X34: =U34/U$4*100 -> 1592.1667 | Y34: =(X34-X33)/X33 -> 0.41912144
A35: 1945 | B35: 4.5 | C35: =B35+(0.08*'Nominal wages'!D34/320) -> 5.82 | D35: 10 | E35: 17.1 | F35: 10 | G35: 25 | H35: 3 | I35: 45 | J35: 20.9 | K35: 10 | L35: 5.5 | M35: 400 | O35: =MIN(C35*222,D35*184) -> 1292.04 | P35: =MIN(G35,I35)*3 -> 75 | Q35: =(3*F35+3*E35+2*J35+1.3*K35+1.3*L35+58*H35)*1.075 -> 341.04375 | R35: =SUM(O35:Q35) -> 1708.0838 | S35: =M35*12 -> 4800 | U35: =R35*3+S35 -> 9924.2513 | V35: =R35*3.15 -> 5380.4638 | X35: =U35/U$4*100 -> 2156.1444 | Y35: =(X35-X34)/X34 -> 0.35422023
A36: 1946 | B36: 6 | C36: =B36+(0.08*'Nominal wages'!D35/320) -> 9.3 | D36: 10 | E36: 17.1 | F36: 10 | G36: 25.5 | H36: 3.15 | I36: 86.4 | J36: 20.8 | K36: 16.3 | L36: 6.5 | M36: 600 | O36: =MIN(C36*222,D36*184) -> 1840 | P36: =MIN(G36,I36)*3 -> 76.5 | Q36: =(3*F36+3*E36+2*J36+1.3*K36+1.3*L36+58*H36)*1.075 -> 360.383 | R36: =SUM(O36:Q36) -> 2276.883 | S36: =M36*12 -> 7200 | U36: =R36*3+S36 -> 14030.649 | V36: =R36*3.15 -> 7172.1814 | X36: =U36/U$4*100 -> 3048.301 | Y36: =(X36-X35)/X35 -> 0.41377406
A37: 1947 | B37: 7 | C37: =B37+(0.08*'Nominal wages'!D36/320) -> 11.08 | D37: 17.1 | E37: 13 | F37: 17.1 | G37: 31.8 | H37: 3.7 | I37: 103.3 | J37: 23.3 | K37: 20.2 | L37: 7.1 | M37: 800 | O37: =MIN(C37*222,D37*184) -> 2459.76 | P37: =MIN(G37,I37)*3 -> 95.4 | Q37: =(3*F37+3*E37+2*J37+1.3*K37+1.3*L37+58*H37)*1.075 -> 416.01425 | R37: =SUM(O37:Q37) -> 2971.1743 | S37: =M37*12 -> 9600 | U37: =R37*3+S37 -> 18513.523 | V37: =R37*3.15 -> 9359.1989 | X37: =U37/U$4*100 -> 4022.2509 | Y37: =(X37-X36)/X36 -> 0.3195058
A38: 1948 | B38: 9.9 | C38: =B38+(0.08*'Nominal wages'!D37/320) -> 16.56 | D38: 18 | E38: 30 | F38: 18 | G38: 35.9 | H38: 4.6 | I38: 155 | J38: 31.7 | K38: 30 | L38: 13 | M38: 933 | O38: =MIN(C38*222,D38*184) -> 3312 | P38: =MIN(G38,I38)*3 -> 107.7 | Q38: =(3*F38+3*E38+2*J38+1.3*K38+1.3*L38+58*H38)*1.075 -> 569.8575 | R38: =SUM(O38:Q38) -> 3989.5575 | S38: =M38*12 -> 11196 | U38: =R38*3+S38 -> 23164.673 | V38: =R38*3.15 -> 12567.106 | X38: =U38/U$4*100 -> 5032.7604 | Y38: =(X38-X37)/X37 -> 0.25122986
A39: 1949 | B39: 19.6 | C39: =B39+(0.08*'Nominal wages'!D38/320) -> 29.62 | D39: 33.5 | E39: 50 | F39: 33.5 | G39: 52.5 | H39: 8.3 | I39: 190.8 | J39: 59.3 | K39: 51.4 | L39: 12.8 | M39: 1066 | O39: =MIN(C39*222,D39*184) -> 6164 | P39: =MIN(G39,I39)*3 -> 157.5 | Q39: =(3*F39+3*E39+2*J39+1.3*K39+1.3*L39+58*H39)*1.075 -> 1004.007 | R39: =SUM(O39:Q39) -> 7325.507 | S39: =M39*12 -> 12792 | U39: =R39*3+S39 -> 34768.521 | V39: =R39*3.15 -> 23075.347 | X39: =U39/U$4*100 -> 7553.8144 | Y39: =(X39-X38)/X38 -> 0.50092867
A40: 1950 | B40: 22 | C40: =B40+(0.08*'Nominal wages'!D39/320) -> 33.04 | D40: 35 | E40: 68 | F40: 35 | G40: 69.6 | H40: 6.5 | I40: 180.8 | J40: 63.9 | K40: 53.5 | L40: 12.8 | M40: 1200 | O40: =MIN(C40*222,D40*184) -> 6440 | P40: =MIN(G40,I40)*3 -> 208.8 | Q40: =(3*F40+3*E40+2*J40+1.3*K40+1.3*L40+58*H40)*1.075 -> 967.48925 | R40: =SUM(O40:Q40) -> 7616.2892 | S40: =M40*12 -> 14400 | U40: =R40*3+S40 -> 37248.868 | V40: =R40*3.15 -> 23991.311 | X40: =U40/U$4*100 -> 8092.6949 | Y40: =(X40-X39)/X39 -> 0.071338863
A41: 1951 | B41: 24 | C41: =B41+(0.08*'Nominal wages'!D40/320) -> 36.42 | D41: 32 | E41: 78 | F41: 32 | G41: 70 | H41: 7.9 | I41: 200 | J41: 56.9 | K41: 82.9 | L41: 14 | M41: 1200 | O41: =MIN(C41*222,D41*184) -> 5888 | P41: =MIN(G41,I41)*3 -> 210 | Q41: =(3*F41+3*E41+2*J41+1.3*K41+1.3*L41+58*H41)*1.075 -> 1105.0678 | R41: =SUM(O41:Q41) -> 7203.0678 | S41: =M41*12 -> 14400 | U41: =R41*3+S41 -> 36009.203 | V41: =R41*3.15 -> 22689.663 | X41: =U41/U$4*100 -> 7823.3652 | Y41: =(X41-X40)/X40 -> -0.033280595
A42: 1952 | B42: 27.7 | C42: =B42+(0.08*'Nominal wages'!D41/320) -> 41.74 | D42: 42.7 | E42: 75 | F42: 42.7 | G42: 86 | H42: 10.8 | I42: 275 | J42: 63.9 | K42: 69.2 | L42: 14.9 | M42: =AVERAGE(M41,M43) -> 1430 | O42: =MIN(C42*222,D42*184) -> 7856.8 | P42: =MIN(G42,I42)*3 -> 258 | Q42: =(3*F42+3*E42+2*J42+1.3*K42+1.3*L42+58*H42)*1.075 -> 1307.8773 | R42: =SUM(O42:Q42) -> 9422.6773 | S42: =M42*12 -> 17160 | U42: =R42*3+S42 -> 45428.032 | V42: =R42*3.15 -> 29681.433 | X42: =U42/U$4*100 -> 9869.7013 | Y42: =(X42-X41)/X41 -> 0.26156726
A43: 1953 | B43: 26.2 | C43: =B43+(0.08*'Nominal wages'!D42/320) -> 41.38 | D43: 43.5 | E43: 80 | F43: 43.5 | G43: 93.5 | H43: 11.3 | I43: 297 | J43: 63.9 | K43: 64.5 | L43: 15.6 | M43: 1660 | O43: =MIN(C43*222,D43*184) -> 8004 | P43: =MIN(G43,I43)*3 -> 280.5 | Q43: =(3*F43+3*E43+2*J43+1.3*K43+1.3*L43+58*H43)*1.075 -> 1352.1672 | R43: =SUM(O43:Q43) -> 9636.6673 | S43: =M43*12 -> 19920 | U43: =R43*3+S43 -> 48830.002 | V43: =R43*3.15 -> 30355.502 | X43: =U43/U$4*100 -> 10608.814 | Y43: =(X43-X42)/X42 -> 0.074887022
A44: 1954 | B44: 21 | C44: =B44+(0.08*'Nominal wages'!D43/320) -> 37.86 | D44: 34.25 | E44: 80.4 | F44: 34.25 | G44: 102.5 | H44: 8.25 | I44: 260 | J44: 54 | K44: 58.5 | L44: 17.25 | M44: =M43-32 -> 1628 | O44: =MIN(C44*222,D44*184) -> 6302 | P44: =MIN(G44,I44)*3 -> 307.5 | Q44: =(3*F44+3*E44+2*J44+1.3*K44+1.3*L44+58*H44)*1.075 -> 1106.0944 | R44: =SUM(O44:Q44) -> 7715.5944 | S44: =M44*12 -> 19536 | U44: =R44*3+S44 -> 42682.783 | V44: =R44*3.15 -> 24304.122 | X44: =U44/U$4*100 -> 9273.2682 | Y44: =(X44-X43)/X43 -> -0.1258902
A45: 1955 | B45: 24 | C45: =B45+(0.08*'Nominal wages'!D44/320) -> 40.86 | D45: 30 | E45: 66.3 | F45: 91 | G45: 100 | H45: 8 | I45: 150 | J45: 54 | K45: 58 | L45: 17 | M45: =M44-32 -> 1596 | O45: =MIN(C45*222,D45*184) -> 5520 | P45: =MIN(G45,I45)*3 -> 300 | Q45: =(3*F45+3*E45+2*J45+1.3*K45+1.3*L45+58*H45)*1.075 -> 1227.005 | R45: =SUM(O45:Q45) -> 7047.005 | S45: =M45*12 -> 19152 | U45: =R45*3+S45 -> 40293.015 | V45: =R45*3.15 -> 22198.066 | X45: =U45/U$4*100 -> 8754.0668 | Y45: =(X45-X44)/X44 -> -0.055989042
A46: 1956 | B46: 27 | C46: =B46+(0.08*'Nominal wages'!D45/320) -> 44.58 | D46: 34 | E46: 55 | F46: 91 | G46: 75 | H46: 8 | I46: 181 | J46: 53 | K46: 58 | L46: 15 | M46: =M45-32 -> 1564 | O46: =MIN(C46*222,D46*184) -> 6256 | P46: =MIN(G46,I46)*3 -> 225 | Q46: =(3*F46+3*E46+2*J46+1.3*K46+1.3*L46+58*H46)*1.075 -> 1185.6175 | R46: =SUM(O46:Q46) -> 7666.6175 | S46: =M46*12 -> 18768 | U46: =R46*3+S46 -> 41767.853 | V46: =R46*3.15 -> 24149.845 | X46: =U46/U$4*100 -> 9074.4902 | Y46: =(X46-X45)/X45 -> 0.036602808
A47: 1957 | B47: 28 | C47: =B47+(0.08*'Nominal wages'!D46/320) -> 47.02 | D47: 35.5 | E47: 57.5 | F47: 91 | G47: 117 | H47: 8 | I47: 212 | J47: 57.5 | K47: 58 | L47: 15 | M47: =M46-32 -> 1532 | O47: =MIN(C47*222,D47*184) -> 6532 | P47: =MIN(G47,I47)*3 -> 351 | Q47: =(3*F47+3*E47+2*J47+1.3*K47+1.3*L47+58*H47)*1.075 -> 1203.355 | R47: =SUM(O47:Q47) -> 8086.355 | S47: =M47*12 -> 18384 | U47: =R47*3+S47 -> 42643.065 | V47: =R47*3.15 -> 25472.018 | X47: =U47/U$4*100 -> 9264.639 | Y47: =(X47-X46)/X46 -> 0.020954214
A48: 1958 | B48: 29 | C48: =B48+(0.08*'Nominal wages'!D47/320) -> 50 | D48: 38 | E48: 57.5 | F48: 99 | G48: 117 | H48: 10 | I48: 126 | J48: 59.5 | K48: 59.5 | L48: 22 | M48: 1498 | O48: =MIN(C48*222,D48*184) -> 6992 | P48: =MIN(G48,I48)*3 -> 351 | Q48: =(3*F48+3*E48+2*J48+1.3*K48+1.3*L48+58*H48)*1.075 -> 1370.0338 | R48: =SUM(O48:Q48) -> 8713.0338 | S48: =M48*12 -> 17976 | U48: =R48*3+S48 -> 44115.101 | V48: =R48*3.15 -> 27446.056 | X48: =U48/U$4*100 -> 9584.4539 | Y48: =(X48-X47)/X47 -> 0.034519945
A49: 1959 | B49: =B48*(D49/D48) -> 28.236842 | C49: =B49+(0.08*'Nominal wages'!D48/320) -> 52.236842 | D49: =AVERAGE(38,43,35,32) -> 37 | E49: =(656/574)*57.5 -> 65.714286 | F49: 100 | G49: 117 | H49: =400/40 -> 10 | I49: 292 | J49: 61.5 | K49: 61 | L49: =AVERAGE(22,23,23,25.3) -> 23.325 | M49: =M48+670 -> 2168 | O49: =MIN(C49*222,D49*184) -> 6808 | P49: =MIN(G49,I49)*3 -> 351 | Q49: =(3*F49+3*E49+2*J49+1.3*K49+1.3*L49+58*H49)*1.075 -> 1407.9978 | R49: =SUM(O49:Q49) -> 8566.9978 | S49: =M49*12 -> 26016 | U49: =R49*3+S49 -> 51716.993 | V49: =R49*3.15 -> 26986.043 | X49: =U49/U$4*100 -> 11236.042 | Y49: =(X49-X48)/X48 -> 0.1723195
A50: 1960 | B50: =B49*(D50/D49) -> 24.421053 | C50: =B50+(0.08*'Nominal wages'!D49/320) -> 48.421053 | D50: 32 | E50: =(665/574)*57.5 -> 66.615854 | F50: 100 | G50: 107 | H50: 10 | I50: 435 | J50: 65 | K50: 70 | L50: 25.3 | M50: =M49+670 -> 2838 | O50: =MIN(C50*222,D50*184) -> 5888 | P50: =MIN(G50,I50)*3 -> 321 | Q50: =(3*F50+3*E50+2*J50+1.3*K50+1.3*L50+58*H50)*1.075 -> 1433.7679 | R50: =SUM(O50:Q50) -> 7642.7679 | S50: =M50*12 -> 34056 | U50: =R50*3+S50 -> 56984.304 | V50: =R50*3.15 -> 24074.719 | X50: =U50/U$4*100 -> 12380.419 | Y50: =(X50-X49)/X49 -> 0.10184874

Sheet Nominal wages
A1: Year | B1: Public Sector | C1: Private Sector | D1: Composite | F1: Welfare Ratio, | G1: Welfare ratio | I1: Nominal wage growth
F2: Traditional rent | G2: Actual rent
A3: 1914 | B3: 600 | D3: =(B3/2920)*2310 -> 474.65753 | F3: =D3/(3.15*'Retail prices'!R4) -> 1.4569363 | G3: =D3/(('Retail prices'!R4)*3+'Retail prices'!S4) -> 1.0312417
A4: 1915 | B4: 600 | D4: =(B4/2920)*2310 -> 474.65753 | F4: =D4/(3.15*'Retail prices'!R5) -> 1.5784044 | G4: =D4/(('Retail prices'!R5)*3+'Retail prices'!S5) -> 1.0177051 | I4: =(D4-D3)/D3 -> 0
A5: 1916 | B5: 600 | D5: =(B5/2920)*2310 -> 474.65753 | F5: =D5/(3.15*'Retail prices'!R6) -> 1.3609584 | G5: =D5/(('Retail prices'!R6)*3+'Retail prices'!S6) -> 0.82959005 | I5: =(D5-D4)/D4 -> 0
A6: 1917 | B6: 600 | D6: =(B6/2920)*2310 -> 474.65753 | F6: =D6/(3.15*'Retail prices'!R7) -> 1.3852276 | G6: =D6/(('Retail prices'!R7)*3+'Retail prices'!S7) -> 0.75782761 | I6: =(D6-D5)/D5 -> 0
A7: 1918 | B7: 600 | D7: =(B7/2920)*2310 -> 474.65753 | F7: =D7/(3.15*'Retail prices'!R8) -> 0.67357257 | G7: =D7/(('Retail prices'!R8)*3+'Retail prices'!S8) -> 0.46032751 | I7: =(D7-D6)/D6 -> 0
A8: 1919 | B8: 700 | D8: =(B8/2920)*2310 -> 553.76712 | F8: =D8/(3.15*'Retail prices'!R9) -> 1.0033075 | G8: =D8/(('Retail prices'!R9)*3+'Retail prices'!S9) -> 0.62526021 | I8: =(D8-D7)/D7 -> 0.16666667
A9: 1920 | B9: 800 | D9: =(B9/2920)*2310 -> 632.87671 | F9: =D9/(3.15*'Retail prices'!R10) -> 0.76697001 | G9: =D9/(('Retail prices'!R10)*3+'Retail prices'!S10) -> 0.49995344 | I9: =(D9-D8)/D8 -> 0.14285714
A10: 1921 | B10: 1200 | D10: =(B10/2920)*2310 -> 949.31507 | F10: =D10/(3.15*'Retail prices'!R11) -> 1.0729109 | G10: =D10/(('Retail prices'!R11)*3+'Retail prices'!S11) -> 0.65802657 | I10: =(D10-D9)/D9 -> 0.5
A11: 1922 | B11: 1277.5 | D11: =(B11/2920)*2310 -> 1010.625 | F11: =D11/(3.15*'Retail prices'!R12) -> 1.3144215 | G11: =D11/(('Retail prices'!R12)*3+'Retail prices'!S12) -> 0.61915639 | I11: =(D11-D10)/D10 -> 0.064583333
A12: 1923 | B12: 1277 | D12: =(B12/2920)*2310 -> 1010.2295 | F12: =D12/(3.15*'Retail prices'!R13) -> 1.15723 | G12: =D12/(('Retail prices'!R13)*3+'Retail prices'!S13) -> 0.58347482 | I12: =(D12-D11)/D11 -> -0.00039138943
A13: 1924 | B13: 1288 | D13: =(B13/2920)*2310 -> 1018.9315 | F13: =D13/(3.15*'Retail prices'!R14) -> 0.92775955 | G13: =D13/(('Retail prices'!R14)*3+'Retail prices'!S14) -> 0.52361044 | I13: =(D13-D12)/D12 -> 0.0086139389
A14: 1925 | B14: 1460 | D14: =(B14/2920)*2310 -> 1155 | F14: =D14/(3.15*'Retail prices'!R15) -> 1.0566158 | G14: =D14/(('Retail prices'!R15)*3+'Retail prices'!S15) -> 0.59503584 | I14: =(D14-D13)/D13 -> 0.13354037
A15: 1926 | B15: 1460 | D15: =(B15/2920)*2310 -> 1155 | F15: =D15/(3.15*'Retail prices'!R16) -> 0.90232121 | G15: =D15/(('Retail prices'!R16)*3+'Retail prices'!S16) -> 0.55982138 | I15: =(D15-D14)/D14 -> 0
... A19: 1930 | B19: 2737.4444 | D19: =(B19/2920)*2310 -> 2165.581 | F19: =D19/(3.15*'Retail prices'!R20) -> 1.6596989 | G19: =D19/(('Retail prices'!R20)*3+'Retail prices'!S20) -> 1.0050639 | I19: =(D19-D18)/D18 -> -2.029589e-05
A20: 1931 | B20: 2920 | C20: 2310 | D20: =(B20/2920)*2310 -> 2310 | F20: =D20/(3.15*'Retail prices'!R21) -> 2.4229058 | G20: =D20/(('Retail prices'!R21)*3+'Retail prices'!S21) -> 1.3124995 | I20: =(D20-D19)/D19 -> 0.066688316
A21: 1932 | B21: 2928 | C21: 2367 | D21: 2367 | F21: =D21/(3.15*'Retail prices'!R22) -> 2.59261 | G21: =D21/(('Retail prices'!R22)*3+'Retail prices'!S22) -> 1.4246126 | I21: =(D21-D20)/D20 -> 0.024675325
A22: 1933 | B22: 2555 | C22: 2037 | D22: 2037 | F22: =D22/(3.15*'Retail prices'!R23) -> 2.9473539 | G22: =D22/(('Retail prices'!R23)*3+'Retail prices'!S23) -> 1.4652383 | I22: =(D22-D21)/D21 -> -0.13941698
A23: 1934 | B23: 2555 | C23: 2022 | D23: 2022 | F23: =D23/(3.15*'Retail prices'!R24) -> 3.3828193 | G23: =D23/(('Retail prices'!R24)*3+'Retail prices'!S24) -> 1.6448879 | I23: =(D23-D22)/D22 -> -0.0073637703
A24: 1935 | C24: 2046 | D24: 2046 | F24: =D24/(3.15*'Retail prices'!R25) -> 4.2194153 | G24: =D24/(('Retail prices'!R25)*3+'Retail prices'!S25) -> 1.9053636 | I24: =(D24-D23)/D23 -> 0.011869436
A25: 1936 | B25: 2196 | C25: 2049 | D25: 2049 | F25: =D25/(3.15*'Retail prices'!R26) -> 3.8765628 | G25: =D25/(('Retail prices'!R26)*3+'Retail prices'!S26) -> 1.4445942 | I25: =(D25-D24)/D24 -> 0.0014662757
A26: 1937 | C26: 2412 | D26: 2412 | F26: =D26/(3.15*'Retail prices'!R27) -> 2.1578078 | G26: =D26/(('Retail prices'!R27)*3+'Retail prices'!S27) -> 1.1843428 | I26: =(D26-D25)/D25 -> 0.17715959
A27: 1938 | C27: 2100 | D27: 2100 | F27: =D27/(3.15*'Retail prices'!R28) -> 2.2769691 | G27: =D27/(('Retail prices'!R28)*3+'Retail prices'!S28) -> 1.0992689 | I27: =(D27-D26)/D26 -> -0.12935323
A28: 1939 | C28: 2400 | D28: 2400 | F28: =D28/(3.15*'Retail prices'!R29) -> 1.9031086 | G28: =D28/(('Retail prices'!R29)*3+'Retail prices'!S29) -> 1.0466444 | I28: =(D28-D27)/D27 -> 0.14285714
A29: 1940 | C29: 2580 | D29: 2580 | F29: =D29/(3.15*'Retail prices'!R30) -> 1.3853575 | G29: =D29/(('Retail prices'!R30)*3+'Retail prices'!S30) -> 0.88185456 | I29: =(D29-D28)/D28 -> 0.075
A30: 1941 | C30: 2820 | D30: 2820 | F30: =D30/(3.15*'Retail prices'!R31) -> 1.2833069 | G30: =D30/(('Retail prices'!R31)*3+'Retail prices'!S31) -> 0.85641204 | I30: =(D30-D29)/D29 -> 0.093023256
A31: 1942 | C31: 3216 | D31: 3216 | F31: =D31/(3.15*'Retail prices'!R32) -> 1.0454637 | G31: =D31/(('Retail prices'!R32)*3+'Retail prices'!S32) -> 0.7720258 | I31: =(D31-D30)/D30 -> 0.14042553
A32: 1943 | C32: 3552 | D32: 3552 | F32: =D32/(3.15*'Retail prices'!R33) -> 1.0110057 | G32: =D32/(('Retail prices'!R33)*3+'Retail prices'!S33) -> 0.68783467 | I32: =(D32-D31)/D31 -> 0.10447761
A33: 1944 | C33: 3600 | D33: 3600 | F33: =D33/(3.15*'Retail prices'!R34) -> 0.69567807 | G33: =D33/(('Retail prices'!R34)*3+'Retail prices'!S34) -> 0.49124037 | I33: =(D33-D32)/D32 -> 0.013513514
A34: 1945 | C34: 5280 | D34: 5280 | F34: =D34/(3.15*'Retail prices'!R35) -> 0.98132804 | G34: =D34/(('Retail prices'!R35)*3+'Retail prices'!S35) -> 0.53203006 | I34: =(D34-D33)/D33 -> 0.46666667
A35: 1946 | C35: 13200 | D35: 13200 | F35: =D35/(3.15*'Retail prices'!R36) -> 1.8404442 | G35: =D35/(('Retail prices'!R36)*3+'Retail prices'!S36) -> 0.94079754 | I35: =(D35-D34)/D34 -> 1.5
A36: 1947 | C36: 16320 | D36: 16320 | F36: =D36/(3.15*'Retail prices'!R37) -> 1.743739 | G36: =D36/(('Retail prices'!R37)*3+'Retail prices'!S37) -> 0.88151781 | I36: =(D36-D35)/D35 -> 0.23636364
A37: 1948 | C37: 26640 | D37: 26640 | F37: =D37/(3.15*'Retail prices'!R38) -> 2.1198198 | G37: =D37/(('Retail prices'!R38)*3+'Retail prices'!S38) -> 1.1500271 | I37: =(D37-D36)/D36 -> 0.63235294
... A49: 1960 | C49: 96000 | D49: 96000 | F49: =D49/(3.15*'Retail prices'!R50) -> 3.9875855 | G49: =D49/(('Retail prices'!R50)*3+'Retail prices'!S50) -> 1.6846744 | I49: =(D49-D48)/D48 -> 0
